Map: Dusk Towers

Players

HuK

  • Race: Protoss Protoss
  • League: Grandmaster

Nerchio - Winner!

  • Race: Zerg Zerg
  • League: Grandmaster

Event: Gauntlet Monday Night

VOD

Have the link to the VOD?

Description

Time

  • Played on: Jan. 4, 2016, 5:41 p.m.
  • Length: 14:51

All games in this series

Show
View Real Time Build Order
Export as new Build Order

HuK Protoss 

Build Orders: Nexus First 

Get SALT Encoding   

  12  0:01  Probe (Chrono Boost)  
  13  0:11  Probe (Chrono Boost)  
  14  0:20  Pylon  
  14  0:22  Probe (Chrono Boost)  
  15  0:38  Probe (Chrono Boost)  
  16  0:49  Probe (Chrono Boost)  
  17  0:58  Nexus  
  17  1:07  Gateway  
  17  1:10  Probe (Chrono Boost)  
  18  1:17  Assimilator  
  18  1:20  Probe (Chrono Boost)  
  18  1:23  Assimilator  
  19  1:31  Probe (Chrono Boost)  
  20  1:36  Gateway  
  20  1:42  Probe (Chrono Boost)  
  21  1:52  Probe (Chrono Boost)  
  22  1:56  Cybernetics Core  
  22  2:03  Probe (Chrono Boost)  
  23  2:11  Probe (Chrono Boost)  
  23  2:13  Probe (Chrono Boost)  
  25  2:21  Probe (Chrono Boost)  
  26  2:24  Probe (Chrono Boost)  
  27  2:32  Stalker (Chrono Boost), Probe (Chrono Boost), Adept (Chrono Boost)  
  27  2:34  Warp Gate (Chrono Boost)  
  27  2:35  Probe  
  33  2:42  Pylon  
  33  2:46  Mothership Core (Chrono Boost)  
  33  2:47  Probe (Chrono Boost)  
  36  2:59  Probe (Chrono Boost)  
  38  3:05  Probe (Chrono Boost)  
  38  3:09  Probe (Chrono Boost)  
  39  3:21  Probe x2 (Chrono Boost)  
  41  3:30  Sentry x2  
  41  3:32  Nexus  
  45  3:34  Probe (Chrono Boost), Pylon  
  45  3:36  Pylon  
  46  3:48  Twilight Council  
  46  3:50  Probe (Chrono Boost)  
  44  4:00  Probe (Chrono Boost)  
  41  4:07  Probe (Chrono Boost)  
  42  4:15  Probe  
  43  4:21  Probe  
  44  4:26  Probe (Chrono Boost)  
  45  4:32  Resonating Glaives (Chrono Boost)  
  45  4:33  Probe (Chrono Boost)  
  45  4:38  Probe (Chrono Boost)  
  47  4:42  Assimilator  
  47  4:44  Probe x2 (Chrono Boost), Assimilator  
  49  4:48  Probe (Chrono Boost)  
  49  4:51  Sentry  
  52  4:54  Probe (Chrono Boost)  
  52  4:55  Probe (Chrono Boost)  
  52  4:59  Probe (Chrono Boost)  
  55  5:01  Gateway  
  55  5:02  Gateway  
  55  5:04  Gateway  
  55  5:05  Probe (Chrono Boost)  
  55  5:06  Gateway, Probe (Chrono Boost)  
  57  5:10  Probe (Chrono Boost)  
  58  5:15  Probe (Chrono Boost), Pylon  
  58  5:17  Probe (Chrono Boost)  
  58  5:20  Probe (Chrono Boost)  
  58  5:21  Adept  
  63  5:24  Adept  
  63  5:26  Probe (Chrono Boost)  
  63  5:27  Probe  
  67  5:31  Probe  
  67  5:32  Pylon  
  68  5:38  Probe  
  68  5:39  Pylon  
  68  5:41  Pylon  
  69  5:46  Adept x2  
  69  5:47  Probe  
  69  5:49  Probe  
  75  5:50  Probe  
  75  5:56  Robotics Facility  
  76  6:02  Sentry x4  
  86  6:06  Adept x2  
  88  6:13  Probe x2 (Chrono Boost)  
  91  6:18  Probe (Chrono Boost)  
  91  6:22  Assimilator  
  91  6:23  Assimilator  
  91  6:24  Probe (Chrono Boost), Pylon  
  91  6:25  Adept x4  
  97  6:27  Adept  
  98  6:38  Probe (Chrono Boost)  
  99  6:48  Adept  
  99  6:49  Adept x4  
  99  6:50  Adept  
  99  6:51  Warp Prism (Chrono Boost)  
  111  7:02  Probe x2 (Chrono Boost)  
  105  7:12  Probe (Chrono Boost)  
  104  7:16  Probe (Chrono Boost)  
  104  7:18  Stalker x5  
  109  7:24  Immortal (Chrono Boost)  
  109  7:29  Blink (Chrono Boost)  
  105  7:38  Stalker  
  103  7:52  Stalker x5  
  103  7:56  Probe  
  114  8:00  Pylon  
  114  8:01  Pylon  
  114  8:05  Pylon  
  114  8:07  Stalker  
  118  8:20  Adept  
  118  8:21  Adept x4  
  110  8:43  Adept x2  
  110  8:44  Adept x2  
  110  8:49  Stalker x2  
  93  9:02  Probe x3  
  81  9:05  Adept x4  
  78  9:14  Probe x2  
  80  9:21  Probe  
  80  9:22  Stalker x4  
  80  9:23  Stalker x2  
  87  9:26  Probe x2  
  87  9:28  Forge  
  89  9:33  Robotics Facility  
  89  9:36  Pylon  
  90  9:41  Pylon  
  90  9:43  Pylon  
  89  9:46  Stalker x6  
  89  9:50  Probe  
  89  9:51  Probe x2  
  103  10:07  Protoss Ground Weapons Level 1 (Chrono Boost)  
  103  10:13  Stalker x2  
  105  10:15  Stalker x4  
  105  10:21  Immortal (Chrono Boost)  
  115  10:27  Photon Cannon  
  115  10:29  Photon Cannon  
  115  10:30  Photon Cannon  
  115  10:36  Sentry  
  115  10:37  Sentry x3  
  115  10:39  Gateway  
  115  10:40  Gateway  
  115  10:42  Stalker x2  
  127  10:50  Nexus  
  127  10:53  Pylon  
  127  10:58  Observer (Chrono Boost)  
  127  11:01  Sentry x2  
  127  11:02  Sentry, Adept  
  134  11:15  Stalker, Immortal (Chrono Boost)  
  134  11:17  Stalker  
  138  11:22  Charge (Chrono Boost)  
  142  11:28  Templar Archives  
  142  11:30  Probe  
  143  11:37  Sentry  
  145  11:46  Stalker x3  
  145  11:47  Stalker x2  
  156  12:01  Pylon  
  156  12:03  Pylon  
  156  12:07  Stalker x3  
  161  12:10  Stalker x2  
  161  12:11  Protoss Ground Weapons Level 2  
  161  12:14  Observer  
  112  12:49  Warp Prism  
  90  12:56  Stargate  
  90  12:58  Stargate  
  90  13:02  Zealot x8  
  102  13:19  Assimilator  
  102  13:20  Immortal, Assimilator  
  102  13:23  Pylon  
  102  13:24  Pylon  
  106  13:33  Stalker x5  
  106  13:34  Stalker  
  115  13:48  Void Ray (Chrono Boost)  
  115  13:49  Void Ray (Chrono Boost)  
  121  14:00  Zealot x3  
  125  14:16  Zealot x3  
  120  14:17  Archon x2  
Show
View Real Time Build Order
Export as new Build Order

Nerchio Zerg - Winner!

Build Orders: Hatch First, Lurkers 

Get SALT Encoding   

  12  0:00  Drone  
  13  0:12  Overlord  
  13  0:17  Drone  
  14  0:30  Drone x2  
  14  0:34  Drone  
  17  0:52  Hatchery  
  17  0:55  Drone  
  17  0:58  Drone  
  17  1:04  Extractor  
  17  1:13  Spawning Pool  
  17  1:17  Drone  
  17  1:20  Drone  
  18  1:28  Drone  
  19  1:38  Overlord  
  19  1:51  Drone  
  20  2:00  Zergling x2  
  21  2:03  Zergling x2, Queen  
  21  2:04  Metabolic Boost  
  24  2:09  Queen  
  24  2:13  Drone  
  27  2:17  Drone  
  27  2:21  Drone  
  29  2:25  Drone  
  30  2:33  Drone  
  31  2:44  Hatchery  
  31  2:47  Zergling x4  
  31  2:49  Zergling x2  
  33  2:53  Evolution Chamber  
  33  2:55  Zergling x2  
  33  2:57  Zergling x2  
  34  3:04  Overlord  
  34  3:09  Zergling x2  
  34  3:22  Overlord  
  34  3:23  Drone x5  
  34  3:24  Drone  
  40  3:32  Drone  
  40  3:34  Drone  
  41  3:42  Drone  
  41  3:45  Extractor  
  41  3:48  Spore Crawler  
  41  3:51  Drone x7  
  46  3:59  Overlord  
  45  4:03  Drone  
  45  4:04  Drone  
  45  4:09  Lair  
  47  4:10  Drone x2  
  47  4:11  Drone  
  47  4:16  Extractor  
  47  4:17  Drone x3  
  47  4:19  Drone  
  47  4:21  Drone  
  47  4:22  Extractor  
  47  4:23  Drone  
  51  4:28  Drone  
  51  4:29  Queen  
  54  4:34  Overlord  
  54  4:36  Overlord  
  54  4:40  Drone x3  
  57  4:46  Drone  
  57  4:47  Roach Warren  
  57  4:49  Overlord  
  57  4:52  Overlord  
  57  4:56  Drone  
  58  5:00  Drone x4  
  58  5:03  Drone x2  
  64  5:08  Extractor  
  64  5:09  Extractor  
  64  5:11  Spire  
  61  5:16  Drone x4  
  65  5:25  Drone  
  65  5:26  Drone x4  
  70  5:31  Zergling x2  
  70  5:32  Zergling x4  
  73  5:42  Overlord  
  73  5:49  Roach  
  78  5:50  Roach x3  
  78  5:55  Drone x3  
  83  6:00  Overlord x2  
  83  6:11  Hatchery  
  82  6:17  Roach x7  
  96  6:19  Glial Reconstitution, Roach x5  
  96  6:22  Zerg Missile Weapons Level 1  
  96  6:24  Roach  
  108  6:28  Roach  
  108  6:31  Ravager x3  
  108  6:32  Overlord x2  
  113  6:39  Overseer  
  113  6:40  Overlord  
  111  6:48  Roach x3  
  111  6:51  Roach  
  111  6:55  Roach  
  111  6:56  Roach x6  
  111  7:01  Roach  
  118  7:04  Roach x2  
  118  7:07  Drone  
  119  7:09  Drone x2  
  119  7:11  Drone x3  
  119  7:14  Drone x2  
  122  7:23  Drone x2  
  122  7:28  Drone x2  
  123  7:36  Drone x3  
  123  7:37  Drone  
  127  7:39  Extractor  
  127  7:40  Extractor  
  127  7:42  Roach x5  
  127  7:43  Overlord  
  135  7:45  Overlord  
  135  7:46  Hydralisk Den  
  135  7:49  Overlord x2  
  134  7:51  Roach x5  
  134  7:56  Infestation Pit  
  133  7:59  Drone x2  
  133  8:00  Overlord x2  
  133  8:02  Queen  
  137  8:08  Ravager x5  
  137  8:13  Roach x7  
  137  8:17  Roach x3  
  152  8:24  Roach x3  
  152  8:28  Roach  
  152  8:30  Roach  
  152  8:34  Roach  
  152  8:36  Drone  
  152  8:37  Drone  
  145  8:42  Drone  
  142  8:53  Drone x4  
  126  8:56  Drone x3  
  126  8:59  Drone  
  116  9:04  Drone x2  
  116  9:08  Drone  
  115  9:11  Drone  
  110  9:21  Drone  
  110  9:22  Drone x3  
  110  9:24  Drone  
  113  9:26  Drone  
  113  9:27  Hive  
  115  9:31  Ravager x7  
  115  9:32  Ravager  
  115  9:34  Drone  
  115  9:35  Drone  
  124  9:39  Drone x2  
  124  9:42  Drone x2  
  124  9:45  Drone  
  129  9:48  Drone  
  129  9:49  Drone  
  129  9:52  Queen  
  131  9:58  Queen  
  134  10:13  Drone x4, Infestor  
  134  10:14  Infestor x2  
  138  10:20  Zerg Missile Weapons Level 2  
  137  10:23  Lurker Den  
  137  10:24  Hydralisk x2  
  141  10:29  Hydralisk x2  
  141  10:31  Hydralisk  
  141  10:35  Hydralisk  
  149  10:38  Ravager  
  149  10:39  Overseer  
  149  10:41  Greater Spire  
  149  10:42  Overlord  
  150  10:44  Hydralisk x3  
  150  10:48  Hydralisk  
  150  10:49  Hydralisk  
  158  10:51  Hydralisk  
  158  10:53  Hydralisk  
  158  10:56  Overlord  
  164  11:02  Roach  
  166  11:07  Overlord  
  166  11:08  Overlord x4  
  166  11:20  Corruptor  
  166  11:21  Corruptor x3  
  174  11:26  Corruptor x2  
  174  11:29  Corruptor, Roach x2  
  181  11:47  Ravager x2  
  181  11:48  Ravager  
  181  11:49  Hydralisk  
  181  11:50  Hydralisk x8  
  197  11:56  Lurker x4  
  197  12:00  Lurker x4  
  197  12:01  Lurker  
  197  12:02  Lurker  
  198  12:12  Overseer  
  194  12:36  Brood Lord x5  
  186  12:43  Brood Lord  
  176  12:47  Roach x3  
  176  12:48  Roach  
  170  12:52  Roach x3  
  170  12:53  Roach  
  170  12:55  Roach  
  170  12:56  Roach  
  179  13:00  Hydralisk x2  
  183  13:08  Zergling x18  
  183  13:09  Zergling x20  
  183  13:12  Hatchery  
  198  13:34  Extractor  
  198  13:37  Extractor  
  196  13:43  Hydralisk x3  
  197  13:50  Hydralisk  
  197  14:01  Hydralisk x3  
  200  14:09  Hydralisk  
  198  14:10  Hydralisk  
  199  14:20  Hydralisk  
  199  14:23  Hydralisk  
  199  14:24  Hydralisk x2  
Tags
 
Add a new tag
Caveats
  • Supply blocks, unpowered buildings, or Contaminate may cause inaccurate times.
  • Supply counts are checked every 10 seconds.